 Dungeon Crawl Stone Soup version 0.22.1-1-ga44c0e56f4 (webtiles) character file.

39 Gunterle the Sneak (level 3, -2/14 HPs)
             Began as a Felid Earth Elementalist on Nov 4, 2018.
             Slain by an adder (4 damage)
             ... on level 4 of the Dungeon.
             The game lasted 00:18:08 (2448 turns).

Gunterle the Sneak (Felid Earth Elementalist)       Turns: 2448, Time: 00:18:09

Health: -2/14      AC:  1    Str:  4    XL:     3   Next: 26%
Magic:  2/7        EV: 18    Int: 17    God:
Gold:   24         SH:  0    Dex: 16    Spells: 0/6 levels left
                                        Lives:  0   Deaths: 0

rFire    . . .     SeeInvis +   (weapon unavailable)
rCold    . . .     Gourm    .   (shield unavailable)
rNeg     . . .     Faith    .   (armour unavailable)
rPois    .         Spirit   .   (helmet unavailable)
rElec    .         Reflect  .   (cloak unavailable)
rCorr    .         Harm     .   (gloves unavailable)
MR       .....                  (boots unavailable)
Stlth    +++.......             (no amulet)
HPRegen  0.04/turn              (no ring)
MPRegen  0.10/turn              (no ring)

@: lethally poisoned (-2 -> -7), very slightly contaminated, quick
A: very small, no armour, no weapons or thrown items, stealth, claws 1, fangs 3,
see invisible, carnivore, speed 1, shaggy fur 1, slow metabolism 1, sharp paws
a: no special abilities


You were on level 4 of the Dungeon.
You were very full.

You visited 1 branch of the dungeon, and saw 4 of its levels.

You collected 24 gold pieces.

Inventory:

Jewellery
 a - a +3 ring of intelligence {unknown}
Comestibles
 c - 3 rations


   Skills:
 - Level 2.6 Dodging
 + Level 3.7 Stealth
 + Level 2.3 Spellcasting
 + Level 0.1 Conjurations
 - Level 1.1 Transmutations
 * Level 3.3 Earth Magic


You couldn't memorise any spells.
You knew the following spells:

 Your Spells              Type           Power        Failure   Level  Hunger
a - Sandblast             Erth           ##....       4%          1    #......
b - Passwall              Tmut/Erth      #.......     12%         2    ###....
c - Stone Arrow           Conj/Erth      #.....       26%         3    ###....

Your spell library contained the following spells:

 Spells                   Type           Power        Failure   Level  Hunger
 Confusing Touch          Hex            #.....       19%         1    #......
 Magic Dart               Conj           #...         19%         1    #......
 Blink                    Tloc           N/A          28%         2    ###....
 Call Imp                 Summ           #.......     28%         2    ###....
 Slow                     Hex            #.......     28%         2    ###....
 Confuse                  Hex            #.......     50%         3    ###....
 Conjure Flame            Conj/Fire      #.......     50%         3    ###....
 Gell's Gravitas          Tloc           #.........   50%         3    ###....
 Mephitic Cloud           Conj/Pois/Air  #.......     50%         3    ###....
 Recall                   Summ/Tloc      N/A          50%         3    ###....
 Petrify                  Tmut/Erth      #.......     58%         4    #####..
 Lee's Rapid Deconstruct  Erth           ##........   78%         5    ######.
 Aura of Abjuration       Summ           #.........   99%         5    ######.
 Metabolic Englaciation   Hex/Ice        #.........   99%         5    ######.
 Summon Demon             Summ           #.........   99%         5    ######.
 Summon Forest            Summ/Tloc      #.........   99%         5    ######.
 Summon Mana Viper        Hex/Summ       #.......     99%         5    ######.
 Yara's Violent Unravell  Hex/Tmut       #.........   99%         5    ######.
 Shadow Creatures         Summ           N/A          100%        6    #######


Dungeon Overview and Level Annotations

Branches:
Dungeon (4/15)
 Temple: D:4-7

Altars:

Annotations:
D:3 1 runed door, chimenez's ghost, amateur GrFE


Innate Abilities, Weirdness & Mutations

You cannot wear armour.
You are incapable of wielding weapons or throwing items.
Your paws allow you to move quietly. (Stealth)
You have sharp claws.
You have razor-sharp teeth.
You have supernaturally acute eyesight. (SInv)
You are carnivorous and can eat meat at any time.
You cover ground quickly.
You are covered in fur. (AC +1)
You have a slow metabolism.
Your sharp claws are effective at attacking unaware monsters.


Message History

You miss the adder.
The adder is lightly wounded.
The adder completely misses you.
You scratch the adder.
The adder is moderately wounded.
The adder closely misses you. The adder bites you.
* * * LOW HITPOINT WARNING * * *
You are lethally poisoned!
The adder poisons you!
You barely miss the adder.
The adder is moderately wounded.
* * * LOW HITPOINT WARNING * * *
You feel sick. The adder misses you.
You scratch the adder but do no damage.
The adder is moderately wounded.
The adder misses you.
You scratch the adder.
The adder is heavily wounded.
The adder bites you.
You die...

##........##
##..........##
............)###
..........###..##
.........## ###.#
.........## ###
.......#..##
......###..# ###
......# #..## #@#
.....## ##..## #S#
.....# #...###.#
......## ##......#
........###...#..#
....###...#..##.##
....# #.........##
.....###.........#
###..........###.##


You could see an adder.

Vanquished Creatures
  A worm (D:4)
  4 dart slugs (D:4)
  A leopard gecko (D:4)
  3 bats
  2 giant cockroaches (D:4)
  A goblin (D:3)
  3 hobgoblins
  3 jackals (D:4)
  2 frilled lizards
  2 kobolds
  A quokka skeleton (D:4)
  4 rats
27 creatures vanquished.

Notes
Turn   | Place    | Note
-------+----------+-------------------------------------------
     0 | D:1      | Gunterle the Felid Earth Elementalist began the quest for
                  | the Orb.
     0 | D:1      | Reached XP level 1. HP: 7/7 MP: 4/4
   505 | D:2      | Reached XP level 2. HP: 11/11 MP: 6/6
  1001 | D:3      | Learned a level 2 spell: Passwall
  1088 | D:3      | Noticed chimenez's ghost (amateur GrFE)
  1091 | D:3      | Found a runed door.
  1646 | D:4      | Reached XP level 3. HP: 14/14 MP: 5/7
  1653 | D:4      | Learned a level 3 spell: Stone Arrow
  1954 | D:4      | Noticed an ogre
  2448 | D:4      | Slain by an adder

Skill      XL: |  1  2 |
---------------+-------+-----
Earth Magic    | 3 |  3.3
Stealth        | 3 |  3.7
Dodging        | |  2.6
Spellcasting   | |  2.3
Conjurations   | |  0.1
Transmutations | |  1.1

Action                   || total
-------------------------++-------
Melee: Unarmed           ||    85
       Bite              ||     8
 Cast: Sandblast         ||    30
       Stone Arrow       ||     3
  Use: Scroll            ||     5
       Potion            ||     1
 Stab: Sleeping          ||     7
  Eat: Chunk             ||    10
Armor: Skin              ||     5
Dodge: Dodged            ||    96
